 Dungeon Crawl Stone Soup version 0.31-a0-267-g3fc6992b3b (webtiles) character file.

Game seed: 8757651100436803782

76 qw the Shooter (level 4, -4/26 HPs)
             Began as a Gargoyle Hexslinger on July 13, 2023.
             Slain by Sigmund
             ... wielding a +0 scythe
              (5 damage)
             ... on level 2 of the Dungeon.
             The game lasted 00:00:30 (1124 turns).

qw the Shooter (Gargoyle Hexslinger)                Turns: 1124, Time: 00:00:30

Health: -4/26      AC:  9    Str: 11    XL:     4   Next: 32%
Magic:  5/5        EV: 10    Int: 14    God:
Gold:   93         SH:  0    Dex: 14    Spells: 4/5 levels left

rFire   . . .        Y - +1 sling (drain)
rCold   . . .        (no shield)
rNeg    + . .        e - +0 ring mail
rPois   inf          (no helmet)
rElec   +            (no cloak)
rCorr   .            (no gloves)
SInv    .            g - +0 pair of boots
Will    .....        (no amulet)
Stlth   +            (no ring)
HPRegen 0.24/turn    (no ring)
MPRegen 0.09/turn

%: no passive effects
@: about to teleport
A: sickness immunity, AC +3, negative energy resistance 1, electricity
resistance, torment resistance 1, petrification resistance
a: no special abilities


You were on level 2 of the Dungeon.
You visited 1 branch of the dungeon, and saw 2 of its levels.

You collected 93 gold pieces.


Innate Abilities, Weirdness & Mutations

You are immune to sickness and miasma.
Your stone body is resilient. (AC +3)
You are immune to poison.
You resist negative energy. (rN+)
You are resistant to electric shocks. (rElec)
You are resistant to unholy torment.
You are immune to petrification.


   Skills:
 - Level 2.0 Fighting
 + Level 3.7 Ranged Weapons
 - Level 1.4 Armour
 - Level 1.5 Dodging
 - Level 1.0 Spellcasting
 - Level 2.6 Hexes


You had 4 spell levels left.
You knew the following spells:

 Your Spells              Type           Power      Damage    Failure   Level
a - Slow                  Hex            32%        N/A       21%         1

Your spell library contained the following spells:

 Spells                   Type           Power      Damage    Failure   Level
 Inner Flame              Hex/Fire       4%         N/A       71%         3
 Portal Projectile        Hex/Tloc       8%         N/A       71%         3
 Cause Fear               Hex            4%         N/A       90%         4

Inventory:

Hand Weapons
 Y - a +1 sling of draining (weapon)
Armour
 e - a +0 ring mail (worn)
 g - a +0 pair of boots (worn)
Scrolls
 a - a scroll of amnesia {unknown}
 o - a scroll of teleportation
Potions
 f - a potion of haste
 l - a potion of brilliance {unknown}

Dungeon Overview and Level Annotations

Branches:
Dungeon (2/15)

Altars:

Annotations:
D:2 Robin, Sigmund


Message History

The sling bullet barely misses Robin.
Something hits you but does no damage. The goblin hits you but does no damage.
You shoot a sling bullet. The sling bullet hits the worm.
You drain the worm.
The worm is heavily wounded.
The goblin hits you but does no damage. The worm bites you but does no damage.
Something hits you.
You shoot a sling bullet. The sling bullet hits the worm.
You drain the worm.
You kill the worm!
The goblin hits you but does no damage. The goblin hits you with a +0 club.
The goblin barely misses you. Something hits you.
You shoot a sling bullet.
The sling bullet closely misses the goblin.
The sling bullet hits Robin.
Robin is heavily wounded.
The goblin hits you but does no damage. The goblin barely misses you.
Something hits you.
You shoot a sling bullet.
The sling bullet closely misses the goblin.
The sling bullet hits Robin.
Robin is severely wounded.
Robin says, "Bow before me, strongest of all the hobgoblins!"
The goblin hits you with a +0 club. The goblin hits you but does no damage.
Something hits you but does no damage. The goblin barely misses you.
The goblin hits you but does no damage.
1122 ||| READING 2 scrolls of teleportation.
As you read the scroll of teleportation, it crumbles to dust.
You feel strangely unstable.
Robin roars a battlecry!
The goblin goes into a battle-frenzy!
The goblin closely misses you. The goblin barely misses you.
You shoot a sling bullet.
The sling bullet barely misses the goblin.
The sling bullet hits Robin.
Robin is almost dead.
Something hits you.
The goblin hits you but does no damage. x2
A worm comes into view.
You shoot a sling bullet. The sling bullet hits the goblin.
You kill the goblin!
Something hits you.
You die...

#.............#
#...#########.# #...#
#%# #...# ####.####
#...# #.......#
#)########.......#
#.......##.......#
#######.#####g####
#######.# #@#
####.......### #)#
...'..%.....g...g{>..#
####.......#####.#...#
##########.# #.w...ggg
.......# #.# ..# #####
######.# #.. ..#
######.#####.# ###
........%...<.


You could see a worm, Robin (very drained) and a goblin (strong).

Vanquished Creatures
  3 gnolls (D:2)
  A worm (D:2)
  6 ball pythons
  2 bats (D:1)
  2 endoplasms (D:1)
  3 giant cockroaches
  7 goblins
  6 hobgoblins
  4 kobolds (D:1)
  2 quokkas
  3 frilled lizards
  A rat (D:1)
40 creatures vanquished.

Notes
Turn   | Place    | Note
-------+----------+-------------------------------------------
     0 | D:1      | qw the Gargoyle Hexslinger began the quest for the Orb.
     0 | D:1      | Reached XP level 1. HP: 12/12 MP: 2/2
     0 | D:1      | 0 ||| qw: Version: 0.3-a-52-g30416fa
     0 | D:1      | 0 ||| qw: Game counter: 7720
     0 | D:1      | 0 ||| qw: Melee chars always use a shield: true
     0 | D:1      | 0 ||| qw: God list: Okawaru
     0 | D:1      | 0 ||| qw: Allow faded altars: false
     0 | D:1      | 0 ||| qw: Do Orc after clearing Dungeon:15 true
     0 | D:1      | 0 ||| qw: Do second Lair branch before Depths: true
     0 | D:1      | 0 ||| qw: Lair rune preference: random
     0 | D:1      | 0 ||| qw: Goals: Normal
     0 | D:1      | 0 ||| PLANNING D:1-11
    64 | D:1      | Reached XP level 2. HP: 16/16 MP: 3/3
    75 | D:1      | Reached skill level 3 in Ranged Weapons
   171 | D:1      | 171 ||| FLEEEEING.
   172 | D:1      | 172 ||| FLEEEEING.
   173 | D:1      | 173 ||| FLEEEEING.
   174 | D:1      | 174 ||| FLEEEEING.
   523 | D:1      | Reached XP level 3. HP: 21/21 MP: 4/4
   757 | D:1      | 757 ||| UPGRADING to +0 ring mail.
   767 | D:1      | 767 ||| DROPPING +0 robe.
   768 | D:1      | 768 ||| UPGRADING to +0 pair of boots.
   773 | D:1      | 773 ||| READING scroll labelled OTEZXU VI XUCS.
   774 | D:1      | 774 ||| READING scroll labelled BOCIRONL QEPHA.
   875 | D:1      | 875 ||| READING scroll labelled XUIXUD SANUM.
   876 | D:1      | 876 ||| READING scroll labelled GIATEYPPEMM.
   877 | D:1      | 877 ||| READING scroll labelled MASKIDGH PAEC.
   878 | D:1      | 878 ||| READING scroll labelled HAXIPPO GETE.
   879 | D:1      | 879 ||| READING 3 scrolls labelled FEBRUR ZATTI.
   882 | D:1      | 882 ||| DRINKING 2 inky potions.
   883 | D:1      | 883 ||| DRINKING 2 fizzy dark potions.
   923 | D:1      | 923 ||| DROPPING scroll of poison.
   924 | D:1      | 924 ||| DROPPING potion of lignification.
  1056 | D:2      | Reached skill level 1 in Armour
  1069 | D:2      | Reached XP level 4. HP: 26/26 MP: 5/5
  1097 | D:2      | Noticed Robin
  1098 | D:2      | 1098 ||| Stepping ~*~*~tactically~*~*~ (outnumbered).
  1108 | D:2      | Noticed Sigmund
  1121 | D:2      | HP: 5/26 [goblin/+0 club[Robin] (3)]
  1122 | D:2      | 1122 ||| READING 2 scrolls of teleportation.
  1123 | D:2      | HP: 1/26 [something (5)]
  1124 | D:2      | Slain by Sigmund

Levels and vault maps discovered:
D:1:      nicolae_arrival_washed_ashore, layout_basic, chequers_jeans,
          minmay_nonomino_d4
D:2:      layout_basic, shapermc_ecumenical_altar_mp_vishouse, uniq_sigmund,
          uniq_robin, uniq_jessica

Skill      XL: |  1  2  3 |
---------------+----------+-----
Ranged Weapons | 3 |  3.7
Fighting       | 2 |  2.0
Armour         | 1 |  1.4
Dodging        | |  1.5
Spellcasting   | |  1.0
Hexes          | |  2.6

Action                     |  1- 3 |  4- 6 || total
---------------------------+-------+-------++-------
   Fire: Sling             |    92 |    27 ||   119
    Use: Scroll            |     7 |     1 ||     8
         Potion            |     2 |       ||     2
 Armour: Robe              |     5 |       ||     5
         Ring mail         |     5 |    22 ||    27
  Dodge: Dodged            |    20 |    17 ||    37

Table legend:
 A = Non-vault XP
 B = Vault XP
 C = Vault XP percentage of total XP
 D = Non-vault monster count
 E = Vault monster count
 F = Vault count percentage of total count
                 A         B        C        D         E       F
            +---------+---------+-------+---------+---------+-------
      Total |      91 |      19 |  17.3 |      29 |      11 |  27.5
            +---------+---------+-------+---------+---------+-------
        D:1 |      30 |       9 |  23.1 |      18 |       5 |  21.7
        D:2 |      61 |      10 |  14.1 |      11 |       6 |  35.3
            +---------+---------+-------+---------+---------+-------
